 Dungeon Crawl Stone Soup version 0.23.2-33-g5129a83184 (webtiles) character file.

Game seed: 8039078693710208383

597 BorisKarlOrff the Covert (level 7, -13/46 HPs)
             Began as an Octopode Assassin on June 29, 2019.
             Was a Believer of Dithmenos.
             Mangled by an ice beast (14 damage)
             ... on level 5 of the Dungeon.
             The game lasted 00:09:55 (4203 turns).

BorisKarlOrff the Covert (Octopode Assassin)        Turns: 4203, Time: 00:09:56

Health: -13/46     AC:  1    Str: 10    XL:     7   Next: 40%
Magic:  8/9        EV: 14    Int: 14    God:    Dithmenos [**....]
Gold:   238        SH:  0    Dex: 15    Spells: 6/9 levels left

rFire    + + +     SeeInvis .   a - +3 dagger
rCold    . . .     Gourm    .   (no shield)
rNeg     . . .     Faith    .   (helmet restricted)
rPois    .         Spirit   .   (no amulet)
rElec    .         Reflect  .   m - ring of protection from fire
rCorr    .         Harm     .   n - ring of protection from fire
MR       .....                  o - ring of protection from fire
Stlth    ++++++....             (no ring)
HPRegen  0.15/turn              (no ring)
MPRegen  0.11/turn              (no ring)
                                (no ring)
                                (no ring)

@: about to teleport, very slightly contaminated, wreathed by umbra
A: almost no armour, stealthy swim, amphibious, 8 rings, constrict 8, camouflage
1, gelatinous body 1
a: Shadow Step, Renounce Religion


You were on level 5 of the Dungeon.
You worshipped Dithmenos.
Dithmenos was pleased with you.
You were not hungry.

You visited 1 branch of the dungeon, and saw 5 of its levels.

You collected 238 gold pieces.

Inventory:

Hand Weapons
 a - a +3 dagger (weapon)
 b - a +0 blowgun
Missiles
 c - 7 poisoned needles
 d - 2 curare-tipped needles
Jewellery
 m - a ring of protection from fire (left tentacle)
 n - a ring of protection from fire (right tentacle)
 o - a ring of protection from fire (on tentacle)
 s - an uncursed ring of poison resistance {unknown}
Wands
 q - a wand of paralysis (8)
Scrolls
 e - 10 scrolls of remove curse
 f - 3 scrolls of teleportation
 g - a scroll of amnesia {unknown}
 h - 2 scrolls of identify
 l - a scroll of fear {unknown}
 r - a scroll of enchant armour
Potions
 j - a potion of mutation {unknown}
 k - a potion of resistance {unknown}
 p - 2 potions of curing
 t - a potion of might {unknown}
Comestibles
 i - 2 rations


   Skills:
 + Level 3.1 Fighting
 + Level 3.8 Short Blades
 + Level 2.6 Throwing
 + Level 2.3 Dodging
 + Level 8.6 Stealth
 + Level 1.8 Spellcasting
 + Level 1.9 Transmutations


You had 6 spell levels left.
You knew the following spells:

 Your Spells              Type           Power        Failure   Level  Hunger
a - Beastly Appendage     Tmut           #.....       11%         1    ##.....
b - Sticks to Snakes      Tmut           #.......     17%         2    ###....

Your spell library contained the following spells:

 Spells                   Type           Power        Failure   Level  Hunger
 Spider Form              Tmut/Pois      #.........   43%         3    ####...
 Ice Form                 Ice/Tmut       #.......     85%         4    #####..
 Blade Hands              Tmut           #.........   97%         5    ######.


Dungeon Overview and Level Annotations

Branches:
Dungeon (5/15)             Temple (0/1) D:4

Altars:
Ashenzari
Dithmenos
Elyvilon
Gozag
Trog
Zin

Annotations:
D:5 Sigmund


Innate Abilities, Weirdness & Mutations

You cannot wear most types of armour.
You are very stealthy in the water. (Stealth+)
You are amphibious.
You can wear up to eight rings at the same time.
You can use your tentacles to constrict eight enemies at once.
Your skin changes colour to match your surroundings (Stealth+).
Your rubbery body absorbs attacks. (AC +1, EV +1)


Message History

Dithmenos accepts your kill.
You hit the ice beast. Your squeeze misses the ice beast.
The ice beast is lightly wounded.
You hit the ice beast but do no damage.
The ice beast is lightly wounded.
The ice beast misses you.
Casting: Beastly Appendage (safe; 11% risk of failure)
Confirm with . or Enter, or press ? or * to list all spells.
You miscast Beastly Appendage.
You are very lightly contaminated with residual magic.
You feel a strange surge of energy! Sigmund misses you. The ice beast hits you.
* * * LOW HITPOINT WARNING * * *
The ice beast freezes you!
* * * LOW HITPOINT WARNING * * *
An orc comes into view. It is wielding a +0 club.
As you read the scroll of teleportation, it crumbles to dust.
You feel strangely unstable. The ice beast hits you.
* * * LOW HITPOINT WARNING * * *
The ice beast freezes you!
You die...

............#...###### ....#
.........>...........## ....#
##............#.......##
###....#
#...........###.#.<...###......#
#........<........##...#....o..!
#..........##...#..##........o..
#..........##........o..........
#..........#...##..))...........
#..............@Y@##............
##.####...##...#####$##o........
#..# #..###... ...##.......Y.
#.## ........# #.######........
#. ..##.. #. ##.....## .. . #.#
# ##..### ### .. s.# ..#


You could see Sigmund, an ice beast and an orc (wandering).

Vanquished Creatures
  A water moccasin zombie (D:5)
  2 scorpions (D:4)
  A hound (D:5)
  An orc priest (D:4)
  2 orc wizards
  5 worker ants
  Terence (D:3)
  A hound skeleton (D:4)
  Robin (D:3)
  4 adders
  An ooze (D:3)
  An adder skeleton (D:5)
  5 worms (D:3)
  2 dart slugs (D:1)
  2 leopard geckos
  11 orcs
  10 giant cockroaches
  15 goblins
  8 hobgoblins
  2 jackals (D:2)
  9 kobolds
  4 quokkas
  A ball python zombie (D:5)
  3 bats
  3 frilled lizards
  A jackal zombie (D:5)
  A leopard gecko skeleton (D:4)
  6 rats
104 creatures vanquished.

Notes
Turn   | Place    | Note
-------+----------+-------------------------------------------
     0 | D:1      | BorisKarlOrff the Octopode Assassin began the quest for the
                  | Orb.
     0 | D:1      | Reached XP level 1. HP: 14/14 MP: 1/1
   119 | D:1      | Reached XP level 2. HP: 19/19 MP: 2/2
   702 | D:2      | Reached XP level 3. HP: 23/24 MP: 3/3
   720 | D:2      | Found a bloodstained altar of Trog.
   763 | D:2      | Reached skill level 6 in Stealth
   853 | D:2      | Reached XP level 4. HP: 16/30 MP: 4/4
  1436 | D:2      | Found a shadowy altar of Dithmenos.
  1528 | D:2      | Became a worshipper of Dithmenos the Shadowed
  1629 | D:2      | Found a glowing silver altar of Zin.
  1629 | D:2      | Found an opulent altar of Gozag.
  1783 | D:3      | Learned a level 1 spell: Beastly Appendage
  1838 | D:3      | Reached XP level 5. HP: 16/35 MP: 3/5
  2053 | D:3      | Learned a level 2 spell: Sticks to Snakes
  2166 | D:3      | Noticed Robin
  2174 | D:3      | Killed Robin
  2508 | D:3      | Reached skill level 7 in Stealth
  2545 | D:3      | Found a shattered altar of Ashenzari.
  2572 | D:3      | Noticed a moth of wrath
  2575 | D:3      | Found a bloodstained altar of Trog.
  2879 | D:3      | Reached * piety under Dithmenos
  3060 | D:3      | Noticed Terence
  3065 | D:3      | Killed Terence
  3352 | D:4      | Reached XP level 6. HP: 41/41 MP: 4/7
  3446 | D:4      | Reached skill level 1 in Spellcasting
  3480 | D:4      | Found a white marble altar of Elyvilon.
  3499 | D:4      | Found a staircase to the Ecumenical Temple.
  3552 | D:4      | Reached skill level 1 in Transmutations
  3582 | D:4      | Reached skill level 8 in Stealth
  4024 | D:4      | Reached XP level 7. HP: 31/46 MP: 6/9
  4083 | D:5      | Entered Level 5 of the Dungeon
  4188 | D:5      | Reached ** piety under Dithmenos
  4190 | D:5      | Noticed Sigmund
  4203 | D:5      | HP: 1/46 [ice beast (3)]
  4203 | D:5      | Mangled by an ice beast

Skill      XL: |  1  2  3  4  5  6 |
---------------+-------------------+-----
Stealth        | 6 7 8 |  8.6
Short Blades   | 3 |  3.8
Dodging        | 2 |  2.3
Spellcasting   | 1 |  1.8
Transmutations | 1 |  1.9
Fighting       | 3 |  3.1
Throwing       | |  2.6

Action                   |  1- 3 |  4- 6 |  7- 9 || total
-------------------------+-------+-------+-------++-------
Melee: Dagger            |    50 |   136 |    24 ||   210
       Constrict         |    11 |    32 |     7 ||    50
       Tentacles         |     8 |    17 |     7 ||    32
       Kick              |       |    16 |     5 ||    21
 Fire: Blowgun           |     9 |       |       ||     9
 Cast: Beastly Appendage |       |    15 |     1 ||    16
  Use: Scroll            |     2 |     6 |     1 ||     9
       Potion            |       |     3 |       ||     3
 Stab: Sleeping          |     8 |    22 |     3 ||    33
       Distracted        |     1 |       |       ||     1
  Eat: Ration            |       |     4 |       ||     4
Armor: Skin              |     6 |     8 |     1 ||    15
Dodge: Dodged            |    33 |    86 |    16 ||   135
